AoeStats
← Sid

Arabia

509340715Analyzed
2v2 RM · 5d ago on Sep 26, 2026· 35m 53s· 4 players
Game mode
Random Map
Map size
Medium (4 player)
Population
200
Speed
Normal
Resources
Standard
Victory
Conquest
Starting age
Dark Age
Ending age
Imperial Age
RankedLock teamsTeams togetherTeam positionsShared explorationLock speedFull tech treeHidden civsTurbo modeCheats
Victory
Defeat
🇯🇵 Vikings · Japan
1329
+14
🇯🇵 Varangians · Japan
1299
+16
🇯🇵 Saxons · Japan
1317
-16
🇫🇷 Maya · France
1267
-14
TP83C6
0:29 Loom
9:34 Feudal Age
10:03 Double-Bit Axe
11:02 Gold Mining
14:36 Fletching
21:27 Horse Collar
22:49 Padded Archer Armor
27:11 Scale Mail Armor
31:02 Castle Age
31:12 Castle Age
29:27 Forging
mayoke331
6:53 Loom
9:07 Feudal Age
10:10 Double-Bit Axe
10:55 Horse Collar
15:09 Wheelbarrow
16:30 Fletching
21:48 Castle Age
20:12 Gold Mining
21:18 Padded Archer Armor
22:25 Bodkin Arrow
23:10 Leather Archer Armor
22:21 Crossbowman
24:32 Bow Saw
25:23 Gold Shaft Mining
25:00 Elite Skirmisher
29:10 Ballistics
fumin.jp
6:39 Loom
9:22 Feudal Age
10:05 Double-Bit Axe
16:05 Fletching
22:30 Castle Age
20:49 Horse Collar
21:25 Gold Mining
21:51 Padded Archer Armor
22:33 Crossbowman
22:35 Elite Skirmisher
24:05 Leather Archer Armor
23:46 Elite Skirmisher
26:55 Bow Saw
27:32 Gold Shaft Mining
28:01 Heavy Plow
28:17 Town Watch
29:47 Ballistics
35:34 Imperial Age
34:29 Bodkin Arrow
Sid
2:28 Loom
6:02 Loom
8:51 Feudal Age
9:31 Double-Bit Axe
13:00 Bloodlines
13:14 Horse Collar
15:15 Scale Barding Armor
20:16 Wheelbarrow
23:06 Castle Age
23:00 Forging
22:42 Gold Mining
23:15 Light Cavalry
24:17 Chain Barding Armor
24:03 Heavy Plow
25:47 Husbandry
25:53 Fletching
27:32 Iron Casting
28:51 Town Watch
30:16 Bow Saw
33:14 Stone Mining
Connection lost

Rejoining the realm…

Still unreachable

The connection could not be restored.

Session expired

The server has moved on; the page needs a fresh start.